 Dungeon Crawl Stone Soup version 0.19.0-2-gae57169 (webtiles) character file.

659 Quirk the Shield-Bearer (level 7, -3/43 HPs)
             Began as a Gargoyle Fighter on Nov 5, 2016.
             Was a Believer of Cheibriados.
             Engulfed by a steam dragon's steam (12 damage)
             ... on level 5 of the Dungeon.
             The game lasted 00:06:02 (4038 turns).

Quirk the Shield-Bearer (Gargoyle Fighter)          Turns: 4038, Time: 00:06:03

Health: -3/43      AC: 12    Str: 25    XL:     7   Next: 55%
Magic:  9/9        EV:  9    Int: 13    God:    Cheibriados [**....]
Gold:   179        SH: 10    Dex: 13    Spells: 0 memorised, 6 levels left

rFire  . . .     SeeInvis .     a - +0 flail
rCold  . . .     Gourm    .     b - +0 scale mail
rNeg   + . .     Faith    .     c - +0 shield
rPois  ∞         Spirit   .     (no helmet)
rElec  +         Reflect  .     (no cloak)
rCorr  .         Harm     .     (no gloves)
MR     .....                    (no boots)
Stlth  ..........               (no amulet)
                                (no ring)
                                (no ring)

@: very slow
A: negative energy resistance 1, electricity resistance, unbreathing,
petrification resistance, rot immunity, AC +4
a: Bend Time, Renounce Religion


You were on level 5 of the Dungeon.
You worshipped Cheibriados.
Cheibriados was pleased with you.
You were not hungry.

You visited 1 branch of the dungeon, and saw 5 of its levels.

You collected 179 gold pieces.

Inventory:

Hand Weapons
 a - a +0 flail (weapon)
 q - a +1 falchion of holy wrath
Missiles
 r - 5 tomahawks of returning (quivered)
 s - a throwing net
Armour
 b - a +0 scale mail (worn)
 c - a +0 shield (worn)
Magical Staves
 u - an uncursed staff of conjuration {unknown}
Wands
 y - a wand of confusion (19/48)
Scrolls
 e - 3 scrolls of remove curse
 j - 5 scrolls of teleportation {unknown}
 l - a scroll of fear {unknown}
 n - a scroll of immolation {unknown}
 p - 3 scrolls of fog {unknown}
 t - a scroll of blinking {unknown}
 v - a scroll of identify
 w - a scroll of enchant weapon {unknown}
Potions
 d - 3 potions of might
 h - a potion of resistance {unknown}
 k - a potion of invisibility {unknown}
 m - a potion of ambrosia {unknown}
 o - a potion of curing
 x - a potion of magic {unknown}
 A - a potion of mutation {unknown}
Comestibles
 f - 4 bread rations
 g - 2 meat rations
 i - a royal jelly


   Skills:
 + Level 4.2 Fighting
 + Level 4.0 Maces & Flails
 + Level 5.0 Armour
 + Level 2.4 Dodging
 + Level 5.2 Shields
 + Level 2.8 Invocations


You had 6 spell levels left.
You didn't know any spells.

Dungeon Overview and Level Annotations

Branches:
Dungeon (5/15)
 Temple: D:4-7

Altars:
Cheibriados
Kikubaaqudgha
Nemelex Xobeh
Trog
The Shining One


Innate Abilities, Weirdness & Mutations

You are resistant to torment.
Your stone body is resilient. (AC +4)
You are immune to poison.
You resist negative energy. (rN+)
You are resistant to electric shocks. (rElec)
You can survive without breathing.
You are immune to petrification.
You are immune to rotting.


Message History

The steam dragon misses you.
The steam dragon claws you but does no damage.
Your unstable footing causes you to fumble your attack.
The steam dragon breathes steam at you. The ball of steam hits you!
The steam dragon bites you. The steam dragon closely misses you.
The steam dragon barely misses you. The steam dragon claws you.
Your shield prevents you from hitting the steam dragon.
The steam dragon is lightly wounded.
You are engulfed in a cloud of scalding steam.
* * * LOW HITPOINT WARNING * * *
The steam dragon misses you.
The steam dragon claws you but does no damage.
The steam dragon bites you but does no damage.
The steam dragon claws you but does no damage.
You block the steam dragon's attack.
The steam dragon claws you but does no damage.
Your unstable footing causes you to fumble your attack.
You are engulfed in a cloud of scalding steam.
You die...

#....###P.≈#
#......#.P##
#......#..#
######.#+#.##..#
#....#...#.#..≈#
#........###^.≈#
#..........#≈..#
#..........#..≈#
#....##..###P.@#
#....##..# #.DD#
#....#...##P...≈
#....#...##PP..P≈
##+#####..#.P.....≈
#......#..#≈P......#
#......##'##P....≈P#
#......#..##≈^..P.##
#......#..# ##......


You could see 2 steam dragons.

Vanquished Creatures
  2 phantoms (D:4)
  A hound (D:4)
  A centaur zombie (D:5)
  2 orc wizards (D:3)
  A bullfrog skeleton (D:4)
  2 worker ants (D:4)
  10 adders
  7 gnolls
  3 oozes
  An adder skeleton (D:4)
  A worm (D:4)
  4 dart slugs
  17 orcs
  6 bats
  5 giant cockroaches
  7 goblins
  13 hobgoblins
  7 jackals
  12 kobolds
  3 quokkas
  3 frilled lizards (D:1)
  A leopard gecko skeleton (D:4)
  10 rats
119 creatures vanquished.

Notes
Turn   | Place    | Note
-------+----------+-------------------------------------------
     0 | D:1      | Quirk the Gargoyle Fighter began the quest for the Orb.
     0 | D:1      | Reached XP level 1. HP: 14/14 MP: 1/1
     0 | D:1      | Noticed a red draconian
     0 | D:1      | Noticed a red draconian
     1 | D:1      | Noticed an ice dragon
     4 | D:1      | Noticed a shadow dragon
     6 | D:1      | Noticed an ice dragon
     8 | D:1      | Noticed an orb of fire
    11 | D:1      | Noticed a shadow dragon
    11 | D:1      | Noticed an iron dragon
    13 | D:1      | Noticed an orb of fire
    13 | D:1      | Noticed an orb of fire
    14 | D:1      | Noticed a tentacled monstrosity
    15 | D:1      | Noticed a green draconian
    27 | D:1      | Noticed a shadow dragon
    27 | D:1      | Noticed an iron dragon
    38 | D:1      | Noticed a shadow dragon
    38 | D:1      | Noticed a green draconian
   104 | D:1      | Reached XP level 2. HP: 15/19 MP: 2/2
   431 | D:1      | Reached XP level 3. HP: 23/23 MP: 3/3
   697 | D:2      | Reached skill level 1 in Dodging
   969 | D:2      | Reached XP level 4. HP: 21/28 MP: 4/4
  1177 | D:2      | Found an ancient bone altar of Kikubaaqudgha.
  1198 | D:2      | Found a sparkling altar of Nemelex Xobeh.
  1775 | D:3      | Reached XP level 5. HP: 33/33 MP: 5/5
  1812 | D:3      | Found a snail-covered altar of Cheibriados.
  1872 | D:3      | Became a worshipper of Cheibriados the Contemplative
  2057 | D:3      | HP: 1/33 [something (1)]
  2066 | D:3      | Reached skill level 1 in Invocations
  2354 | D:3      | Found a glowing golden altar of the Shining One.
  2429 | D:3      | Found a faded altar of an unknown god.
  2507 | D:3      | Reached * piety under Cheibriados
  2774 | D:3      | Reached XP level 6. HP: 35/38 MP: 5/7
  3239 | D:4      | Found a bloodstained altar of Trog.
  3262 | D:4      | Noticed a phantom
  3319 | D:4      | Killed a phantom
  3427 | D:4      | Reached XP level 7. HP: 43/43 MP: 8/8
  3497 | D:4      | Reached skill level 5 in Shields
  3849 | D:5      | Entered Level 5 of the Dungeon
  3854 | D:5      | Reached skill level 5 in Armour
  3878 | D:5      | Reached ** piety under Cheibriados
  4029 | D:5      | Noticed a steam dragon
  4031 | D:5      | Noticed a steam dragon
  4038 | D:5      | Engulfed by a steam dragon's steam

Skill      XL: |  1  2  3  4  5  6  7 |
---------------+----------------------+-----
Dodging        | 1 2 |  2.4
Shields        | 4 5 |  5.2
Armour         | 4 5 |  5.0
Maces & Flails | 3 4 |  4.0
Invocations    | 1 2 |  2.8
Fighting       | 4 |  4.2

Action                   |  1- 3 |  4- 6 |  7- 9 || total
-------------------------+-------+-------+-------++-------
Melee: Flail             |   148 |   319 |    84 ||   551
  Use: Scroll            |     2 |     1 |       ||     3
       Potion            |       |     1 |       ||     1
  Eat: Chunk             |       |     8 |     1 ||     9
Armor: Scale mail        |    96 |   162 |    39 ||   297
Dodge: Dodged            |    53 |   125 |    26 ||   204
Block: Shield            |    84 |   201 |    60 ||   345
